 Dungeon Crawl Stone Soup version 0.30-a0-1163-gf69bf04e7a (webtiles) character file.

Game seed: 16361472745248777583

24809 kiwi3s the Cleaver (level 12, -1/172 HPs)
             Began as a Minotaur Berserker on Apr 28, 2023.
             Was a High Priest of Trog.
             Slain by an unseen horror (2 damage)
             ... on level 14 of the Dungeon.
             The game lasted 00:22:17 (15924 turns).

kiwi3s the Cleaver (Minotaur Berserker)            Turns: 15924, Time: 00:22:18

Health: -1/172     AC:  5    Str: 27    XL:     12   Next: 83%
Magic:  0/11       EV: 18    Int:  4    God:    Trog [*****.]
Gold:   578        SH:  0    Dex: 16    Spells: 11/11 levels left

rFire   . . .        a - +3 hand axe (flame)
rCold   . . .        (no shield)
rNeg    . . .        D - +0 troll leather armour
rPois   .            (helmet restricted)
rElec   .            y - +0 cloak
rCorr   .            r - +0 pair of gloves
SInv    .            (no boots)
Will    .....        d - amulet of guardian spirit Stlth
                     l - +6 ring of dexterity
HPRegen 1.28/turn    C - +4 ring of protection
MPRegen 0.12/turn

%: guardian spirit
@: berserking, corroded, hasted, very quick
A: horns 2, retaliatory headbutt
a: Renounce Religion, Berserk, Trog's Hand, Brothers in Arms


You were on level 14 of the Dungeon.
You worshipped Trog.
Trog was extremely pleased with you.
You visited 1 branch of the dungeon, and saw 14 of its levels.

You collected 936 gold pieces.
You spent 358 gold pieces at shops.

Inventory:

Hand Weapons
 a - a +3 hand axe of flaming (weapon)
 G - a +4 vampiric hand axe
Missiles
 x - 3 throwing nets (quivered)
 I - 6 boomerangs
Armour
 m - a +0 leather armour
 r - a +0 pair of gloves (worn)
 y - a +0 cloak (worn)
 D - a +0 troll leather armour (worn)
 E - a +0 kite shield
Jewellery
 d - an amulet of guardian spirit (around neck)
 l - a +6 ring of dexterity (left hand)
 p - a ring of resist corrosion
 v - a ring of protection from cold
 w - a ring of protection from fire
 C - a +4 ring of protection (right hand)
 H - a +4 ring of protection
 L - a ring of fire
 N - the ring "Cuus" {rPois rF- rCorr Str+3}
   (You found it on level 13 of the Dungeon)

   [ring of resist corrosion]

   Str:       It affects your strength (+3).
   rF:        It makes you vulnerable to fire.
   rPois:     It protects you from poison.
   rCorr:     It protects you from acid and corrosion.
 P - the macabre finger necklace {Finger+ rN+}
   (You found it on level 13 of the Dungeon)

   [amulet of nothing]

   Finger+:   It enables you to equip an extra ring.
   rN:        It protects you from negative energy.
Wands
 n - a wand of mindburst (6)
Scrolls
 e - 9 scrolls of teleportation
 f - a scroll of fog
 g - 3 scrolls of vulnerability
 h - 8 scrolls of blinking
 i - 2 scrolls of immolation
 k - 3 scrolls of brand weapon
 o - 3 scrolls of identify
 u - 2 scrolls of poison
 F - 4 scrolls of enchant armour
 Q - 2 scrolls of enchant weapon
Potions
 b - a potion of brilliance
 c - a potion of magic
 q - 3 potions of ambrosia
 s - 6 potions of curing
 t - 2 potions of mutation
 A - 4 potions of attraction
 B - 3 potions of flight
 J - a potion of berserk rage
 K - a potion of invisibility
 M - a potion of might
 O - a potion of resistance


   Skills:
 + Level 13.5 Fighting
 + Level 13.5 Axes
 + Level 13.3 Armour
 + Level 12.2 Dodging


You had 11 spell levels left.
You didn't know any spells.
Your spell library was empty.

Dungeon Overview and Level Annotations

Branches:
Dungeon (14/15)            Temple (0/1) D:6            Lair (0/5) D:11
    Orc (0/2) D:11
 Vaults: D:13-14

Altars:
Ashenzari
Elyvilon
Fedhas
Gozag
Kikubaaqudgha
Nemelex Xobeh
Okawaru
Qazlal
Ru
Vehumet
Xom
The Shining One

Shops:
D:2 ?   D:3 [   D:6 (   D:7 *   D:12 (   D:14 *

Annotations:
D:14 4 transporters


Innate Abilities, Weirdness & Mutations

You have a pair of horns on your head.
You reflexively headbutt those who attack you in melee.


Message History

The centaur warrior hits you.
* * * LOW HITPOINT WARNING * * *
The centaur warrior closely misses you.
You slash the centaur warrior! You burn the centaur warrior.
The centaur warrior is severely wounded.
The centaur warrior hits you!
* * * LOW HITPOINT WARNING * * *
The centaur warrior kicks you.
* * * LOW HITPOINT WARNING * * *
Unknown command.
You closely miss the centaur warrior.
Your headbutt misses the centaur warrior.
The centaur warrior is severely wounded.
You barely miss the centaur warrior.
The centaur warrior is severely wounded.
You hit something but do no damage. Something hits you.
* * * LOW HITPOINT WARNING * * *
The centaur warrior hits you.
* * * LOW HITPOINT WARNING * * *
The centaur warrior closely misses you. Something hits you.
* * * LOW HITPOINT WARNING * * *
A red film seems to cover your vision as you go berserk!
You feel yourself moving faster!
You feel mighty! The centaur warrior misses you. You furiously retaliate!
You headbutt the centaur warrior. The centaur warrior kicks you.
* * * LOW HITPOINT WARNING * * *
Something hits you.
* * * LOW HITPOINT WARNING * * *
You barely miss the centaur warrior.
The centaur warrior is severely wounded.
You hit something. You burn something. Something hits you but does no damage.
You are too injured to fight recklessly!
Unknown command.
You hit the centaur warrior but do no damage.
You headbutt the centaur warrior.
The centaur warrior is almost dead.
You closely miss something. The centaur warrior hits you.
* * * LOW HITPOINT WARNING * * *
The centaur warrior barely misses you. Something hits you.
You die...

######.#.##.#######..#
............# #......
............# #♣......
.♣P.P♣..P...# #.§§⌠..⌠
P♣♣...♣♣P.(###.♣.....
♣#+#♣♣P...###♣♣....
##.##P^....#####..#
+.c.+P.............
#@##PP...##.......
♣#'#♣♣....##.......
♣...♣♣....##))..##.
PPP♣P.......).).....
...[........####..)#.#
............# #...#.#
##.....####### #...#.#
......[ #...#.#
#...... #...#.#


You could see a centaur warrior.

Vanquished Creatures
  Rupert (D:14)
  Josephine (D:14)
  Snorg (D:13)
  Harold (D:9)
  Erolcha (D:9)
  2 centaur warriors
  A catoblepas (D:14)
  4 two-headed ogres
  2 boulder beetles (D:12)
  A harpy (shapeshifter) (D:13)
  A harpy (D:12)
  3 deep elf pyromancers
  2 cyclopes
  3 ugly things
  A manticore (D:14)
  A wolf spider (D:12)
  A gargoyle (D:12)
  An unseen horror (D:13)
  A yaktaur (D:13)
  An efreet (D:13)
  A freezing wraith (D:12)
  2 komodo dragons
  3 trolls
  3 shadows
  3 basilisks (D:12)
  6 wraiths
  4 yaks
  4 vampire mosquitoes
  2 water moccasins (D:7)
  3 orc warriors
  2 ice beasts
  A sky beast (D:5)
  A black bear (D:6)
  2 ogres
  2 centaurs
  2 phantoms (D:5)
  3 kobold brigands
  3 bullfrogs
  4 scorpions
  15 killer bees
  4 howler monkeys
  4 hounds
  4 jellies
  3 gnoll boudas
  11 orc priests
  3 iguanas
  2 sleepcaps
  14 orc wizards
  Robin (D:3)
  23 gnolls
  7 adders
  A shadow imp (D:5)
  A white imp (D:7)
  2 ufetubi
  2 worms (D:5)
  2 dart slugs
  43 orcs
  4 ball pythons
  9 bats
  4 endoplasms
  5 giant cockroaches
  14 goblins
  11 hobgoblins
  11 jackals
  14 kobolds
  A quokka (D:5)
  6 frilled lizards
  6 rats
308 creatures vanquished.

Vanquished Creatures (collateral kills)
  Jorgrun (D:14)
1 creature vanquished.

Vanquished Creatures (others)
  12 plants
12 creatures vanquished.

Grand Total: 321 creatures vanquished

Notes
Turn   | Place    | Note
-------+----------+-------------------------------------------
     0 | D:1      | kiwi3s the Minotaur Berserker began the quest for the Orb.
     0 | D:1      | Reached XP level 1. HP: 19/19 MP: 0/0
   163 | D:1      | Reached XP level 2. HP: 12/27 MP: 1/1
   654 | D:1      | Reached XP level 3. HP: 31/33 MP: 2/2
   672 | D:1      | Reached ** piety under Trog
  1104 | D:2      | Found a sacrificial altar of Ru.
  1455 | D:2      | Found Fayge's Magic Scroll Shoppe.
  1463 | D:2      | Bought a scroll of identify for 28 gold pieces
  1463 | D:2      | Bought a scroll of teleportation for 42 gold pieces
  1812 | D:3      | Found Nierhus's Armour Shoppe.
  1826 | D:3      | Noticed Robin
  1837 | D:3      | Reached XP level 4. HP: 10/40 MP: 3/3
  1838 | D:3      | Killed Robin
  2321 | D:3      | Found a radiant altar of Vehumet.
  2321 | D:3      | Found an iron altar of Okawaru.
  2435 | D:4      | Found a broken altar of Ashenzari.
  2436 | D:4      | Reached *** piety under Trog
  2473 | D:4      | Reached XP level 5. HP: 41/47 MP: 4/4
  2485 | D:4      | HP: 2/70 [something/puff of flame (9)]
  2689 | D:4      | Reached skill level 5 in Fighting
  2689 | D:4      | Reached skill level 5 in Axes
  2716 | D:4      | Found a white marble altar of Elyvilon.
  2816 | D:4      | Reached XP level 6. HP: 34/56 MP: 3/5
  3269 | D:4      | Identified the +6 hand axe "Giant's Toothpick" {drain,
                  | rN++}
  3411 | D:5      | Entered Level 5 of the Dungeon
  3588 | D:5      | Reached skill level 5 in Armour
  3688 | D:5      | Reached XP level 7. HP: 57/62 MP: 4/6
  3835 | D:5      | Found an ancient bone altar of Kikubaaqudgha.
  3949 | D:5      | Found a stormy altar of Qazlal.
  3949 | D:5      | Found a sparkling altar of Nemelex Xobeh.
  4277 | D:5      | Noticed a yak
  4288 | D:5      | Killed a yak
  4289 | D:5      | Reached skill level 5 in Dodging
  4470 | D:5      | Reached XP level 8. HP: 57/71 MP: 5/7
  4473 | D:5      | Reached **** piety under Trog
  5332 | D:6      | Found a blossoming altar of Fedhas.
  5565 | D:6      | Found a staircase to the Ecumenical Temple.
  5752 | D:6      | Found Inukeitt's Antique Weapon Shop.
  5963 | D:6      | Reached XP level 9. HP: 81/81 MP: 8/8
  6509 | D:7      | Reached ***** piety under Trog
  6692 | D:7      | Found Ighala's Island Escapes.
  7420 | D:7      | Bought a scroll of teleportation for 36 gold pieces
  7671 | D:8      | Noticed a two-headed ogre
  7684 | D:8      | Killed a two-headed ogre
  7685 | D:8      | Reached XP level 10. HP: 48/91 MP: 5/9
  7819 | D:8      | Found a shimmering altar of Xom.
  7964 | D:8      | Found an opulent altar of Gozag.
  8273 | D:2      | Bought a scroll of enchant weapon for 105 gold pieces
  8273 | D:2      | Bought a scroll of enchant armour for 105 gold pieces
  8273 | D:2      | Bought a scroll of teleportation for 42 gold pieces
  8508 | D:9      | Noticed Harold
  9306 | D:9      | Noticed Erolcha
  9340 | D:9      | Killed Erolcha
  9341 | D:9      | Reached skill level 10 in Axes
  9745 | D:9      | Reached skill level 10 in Fighting
  9820 | D:9      | Killed Harold
 10176 | D:10     | Entered Level 10 of the Dungeon
 10210 | D:10     | Noticed a two-headed ogre
 10214 | D:10     | Reached skill level 10 in Armour
 10235 | D:10     | Killed a two-headed ogre
 10761 | D:10     | Identified the +3 pair of gloves of Light {Will+ Regen+}
 10951 | D:10     | Reached XP level 11. HP: 96/101 MP: 8/10
 11048 | D:10     | Found a glowing golden altar of the Shining One.
 11677 | D:11     | Found a staircase to the Lair.
 11710 | D:11     | Found a staircase to the Orcish Mines.
 11783 | D:11     | Found a shimmering altar of Xom.
 11784 | D:11     | Found a shimmering altar of Xom.
 11784 | D:11     | Found a shimmering altar of Xom.
 11784 | D:11     | Found a shimmering altar of Xom.
 11784 | D:11     | Found a shimmering altar of Xom.
 12302 | D:11     | Noticed an anaconda
 12430 | D:11     | Noticed a great orb of eyes
 12485 | D:12     | Noticed a two-headed ogre
 12494 | D:12     | Killed a two-headed ogre
 12495 | D:12     | Reached skill level 10 in Dodging
 12657 | D:12     | Noticed a boulder beetle
 12697 | D:12     | Killed a boulder beetle
 13088 | D:12     | Noticed a deep elf pyromancer
 13095 | D:12     | Killed a deep elf pyromancer
 13135 | D:12     | Noticed a boulder beetle
 13385 | D:12     | Killed a boulder beetle
 13583 | D:12     | Noticed a deep elf pyromancer
 13588 | D:12     | Killed a deep elf pyromancer
 14007 | D:12     | Found Haceq's Weapon Shoppe.
 14233 | D:13     | Noticed a wolf spider
 14233 | D:13     | Found the macabre finger necklace {Finger+ rN+}
 14234 | D:13     | Noticed a harpy
 14234 | D:13     | Noticed a deep elf pyromancer
 14254 | D:12     | Killed a harpy
 14257 | D:12     | Killed a wolf spider
 14526 | D:13     | Killed a deep elf pyromancer
 14527 | D:13     | Reached XP level 12. HP: 112/112 MP: 11/11
 14536 | D:13     | Identified the ring "Cuus" {rPois rF- rCorr Str+3}
 14708 | D:13     | Noticed an entropy weaver
 14709 | D:13     | an entropy weaver changed into a spriggan
 14965 | D:13     | Noticed a two-headed ogre
 14974 | D:13     | Killed a two-headed ogre
 15060 | D:13     | Noticed Snorg
 15068 | D:13     | Killed Snorg
 15149 | D:13     | Noticed a centaur warrior
 15159 | D:13     | Killed a centaur warrior
 15254 | D:14     | Found a transporter.
 15254 | D:14     | Noticed Josephine
 15265 | D:14     | Killed Josephine
 15313 | D:14     | Found a transporter.
 15322 | D:14     | Found a transporter.
 15322 | D:14     | Found a transporter.
 15340 | D:14     | Noticed a catoblepas
 15381 | D:14     | Killed a catoblepas
 15471 | D:14     | Noticed Jorgrun
 15477 | D:14     | Found Qegen's Fire Supplies.
 15485 | D:14     | Killed Jorgrun
 15783 | D:14     | Noticed Rupert
 15783 | D:14     | Paralysed by Rupert for 2 turns
 15795 | D:14     | Paralysed by Rupert for 4 turns
 15812 | D:14     | Killed Rupert
 15884 | D:14     | Noticed a centaur warrior
 15885 | D:14     | Noticed a centaur warrior
 15897 | D:14     | Killed a centaur warrior
 15922 | D:14     | HP: 5/172 [something (6)]
 15924 | D:14     | HP: 1/172 [centaur warrior (5)]
 15924 | D:14     | Slain by an unseen horror

Illustrated notes

Levels and vault maps discovered:
D:1:      dpeg_arrival_round_a, layout_loops_ring, serial_bayou_pond_b,
          patterned_corridor
D:2:      layout_loops_ring, serial_shops, shop, serial_forest,
          infiniplex_forest_end_2, infiniplex_forest_end_3,
          infiniplex_forest_lined_2, infiniplex_forest_clump_small,
          infiniplex_forest_clump_diagonal, infiniplex_forest_lined_room_,
          infiniplex_forest_corner_1, infiniplex_forest_straight_2,
          infiniplex_forest_clump_medium, infiniplex_forest_clump_small,
          basic_altar
D:3:      layout_basic, gammafunk_temple_overflow_wave, serial_shops, shop,
          uniq_robin
D:4:      layout_loops_cross, mainiacjoe_overflow_alcove_2,
          ashenzari_conservatory_becter, chequers_decorated_corner
D:5:      minmay_inner_zag, layout_loops_corners,
          nicolae_overflow_hidden_temple, lemuel_crystal_altar,
          nicolae_overflow_two_pavilions, serial_bayou, serial_bayou_ford_a,
          serial_bayou_pond_b, serial_bayou_shore_b, serial_bayou_pond_b
D:6:      layout_loops_ring, old_standard_altar, minmay_temple_entry_steel_oval,
          serial_shops, nicolae_shop_tiny_waterfront
D:7:      layout_gridville, nicolae_island_escapes
D:8:      layout_rooms, lemuel_coloured_pillars_altar, lemuel_round_altar
D:9:      layout_gridville, uniq_erolcha, uniq_harold
D:10:     layout_loops_ring, nicolae_tso_swordbearing_angel
D:11:     layout_long_grid, lair_entry_dummy, orc_0_dummy, xom_shifter_show
D:12:     layout_gridville, serial_shops, nicolae_shop_rolling_square
D:13:     minmay_ambush_box, layout_basic, uniq_snorg
D:14:     layout_loops_cross, hangedman_vaults_entry_quadrant_bands,
          serial_park_square1 [serial_park_minivault_5x5_3],
          nicolae_shop_fire_sale [nicolae_sub_dead_trees],
          chequers_serial_rivers_micro_e, minmay_crystal_room,
          nicolae_diode_quadrants, uniq_rupert, uniq_josephine, uniq_jorgrun,
          uniq_frances

Skill      XL: |  1  2  3  4  5  6  7  8  9 10 11 12 |
---------------+-------------------------------------+-----
Axes           | 4 5 6 7 9 10 12 13 | 13.5
Fighting       | 4 5 6 7 9 10 12 13 | 13.5
Armour         | 3 4 5 6 7 9 10 12 13 | 13.3
Dodging        | 3 4 5 6 8 9 11 12 | 12.2

Action                     |  1- 3 |  4- 6 |  7- 9 | 10-12 || total
---------------------------+-------+-------+-------+-------++-------
  Melee: Hand axe          |    98 |   124 |   337 |   585 ||  1144
         Headbutt          |    19 |    23 |    87 |   157 ||   286
         Punch             |     2 |     1 |     5 |     8 ||    16
  Throw: Throwing net      |       |       |       |     6 ||     6
 Invoke: Berserk           |       |     2 |     1 |     8 ||    11
         Brothers in Arms  |       |       |       |     1 ||     1
    Use: Potion            |       |     1 |     3 |     7 ||    11
         Scroll            |       |       |       |    24 ||    24
   Stab: Sleeping          |       |       |     1 |     1 ||     2
         Held in net/web   |       |       |       |     1 ||     1
 Armour: Animal skin       |    26 |     4 |       |       ||    30
         Leather armour    |       |    18 |    67 |    79 ||   164
         Troll leather arm |       |       |       |   105 ||   105
  Dodge: Dodged            |    73 |    79 |   234 |   387 ||   773

Table legend: (Time is in decaauts)
 A = Elapsed time spent in this place.
 B = Non-inter-level travel time spent in this place.
 C = Inter-level travel time spent in this place.
 D = Time resting spent in this place.
 E = Time spent auto-exploring this place.
 F = Levels seen in this place.
 G = Mean time per level.
                   A        B        C        D        E       F      G
               +--------+--------+--------+--------+--------+-----+--------+
         Total |  15898 |  14915 |    983 |   2173 |  10576 |  14 | 1135.6 |
       Dungeon |  15898 |  14915 |    983 |   2173 |  10576 |  14 | 1135.6 |
               +--------+--------+--------+--------+--------+-----+--------+

Top non-repeatable levels by time:
    D:12: 2013 daAuts
     D:5: 1659 daAuts
     D:9: 1585 daAuts
     D:7: 1363 daAuts
    D:10: 1142 daAuts
     D:6: 1129 daAuts
    D:11: 1111 daAuts
     D:1: 993 daAuts
     D:4: 989 daAuts
     D:8: 903 daAuts
     D:2: 823 daAuts
     D:3: 767 daAuts
    D:13: 726 daAuts
    D:14: 689 daAuts
